 Dungeon Crawl Stone Soup version 0.30-a0-862-g1aabd4f9c5 (webtiles) character file.

Game seed: 16442384459534436052

3459 Lobster4 the Ruffian (level 9, -5/76 (85) HPs)
             Began as a Troll Gladiator on Mar 9, 2023.
             Was a Priest of Wu Jian.
             Slain by a two-headed ogre
             ... wielding a +0 giant club
              (21 damage)
             ... on level 9 of the Dungeon.
             The game lasted 00:16:27 (8102 turns).

Lobster4 the Ruffian (Troll Gladiator)              Turns: 8102, Time: 00:16:28

HP:   -5/76 (85)    AC:  9    Str: 24    XL:     9   Next: 78%
MP:   8/8           EV: 11    Int:  8    God:    Wu Jian [***...]
Gold: 534           SH:  0    Dex: 11    Spells: 8/8 levels left

rFire   . . .      SeeInvis .    J - +2 whip (flame)
rCold   . . .      Faith    .    (no shield)
rNeg    . . .      Spirit   .    a - +0 robe
rPois   .          Reflect  .    b - +1 hat
rElec   .          Rampage  .    s - scarf {repulsion}
rCorr   .                        (gloves unavailable)
Will    .....                    (boots unavailable)
Stlth   +                        (no amulet)
HPRegen 1.12/turn                C - +4 ring of protection
MPRegen 0.11/turn                (no ring)

@: about to teleport, heavily drained, repel missiles
A: large, unfitting armour, claws 3, regeneration 1, shaggy fur 1, tough skin 1
a: Renounce Religion, Wall Jump, Serpent's Lash


You were on level 9 of the Dungeon.
You worshipped Wu Jian.
Wu Jian was most pleased with you.
You visited 1 branch of the dungeon, and saw 9 of its levels.

You collected 534 gold pieces.

Inventory:

Hand Weapons
 p - a +0 giant club
 y - a +0 hammer
 D - a +2 heavy flail
 J - a +2 whip of flaming (weapon)
Missiles
 c - 3 throwing nets
 d - 6 large rocks
 e - 65 stones (quivered)
 E - 8 boomerangs
 G - 23 poisoned darts
 I - 4 silver boomerangs
Armour
 a - a +0 robe (worn)
 b - a +1 hat (worn)
 s - a scarf of repulsion (worn)
Magical Staves
 o - a staff of cold
Jewellery
 z - a ring of ice
 C - a +4 ring of protection (left claw)
Wands
 g - a wand of paralysis (15)
 h - a wand of roots (3)
 w - a wand of flame (48)
 B - a wand of polymorph (6)
 N - a wand of digging (16)
Scrolls
 k - a scroll of fear {unknown}
 n - 2 scrolls of enchant weapon {unknown}
 v - a scroll of torment {unknown}
 x - 2 scrolls of blinking
 H - a scroll of teleportation
 K - 2 scrolls of silence {unknown}
 O - a scroll of poison {unknown}
Potions
 f - 2 potions of flight {unknown}
 i - 3 potions of curing {unknown}
 j - a potion of brilliance {unknown}
 l - a potion of invisibility
 m - 2 potions of lignification {unknown}
 q - a potion of cancellation
 r - 3 potions of might {unknown}
 t - 2 potions of ambrosia
 u - a potion of heal wounds
 A - 3 potions of magic
 F - 4 potions of mutation {unknown}
 L - a potion of attraction {unknown}
 M - a potion of resistance {unknown}


   Skills:
 + Level 4.7 Fighting
 + Level 4.5 Maces & Flails
 + Level 5.3 Throwing
 + Level 4.3 Armour
 + Level 5.2 Dodging
 + Level 6.2 Unarmed Combat
 - Level 3.0 Evocations


You had 8 spell levels left.
You didn't know any spells.
Your spell library contained the following spells:

 Spells                   Type           Power      Damage    Failure   Level
 Freeze                   Ice            0%         1d3       41%         1
 Frozen Ramparts          Ice            0%         1d1       78%         3
 Hailstorm                Conj/Ice       0%         3d3       78%         3
 Ignite Poison            Fire/Tmut/Pois 0%         N/A       78%         3
 Animate Armour           Summ/Erth      0%         N/A       99%         4
 Sticky Flame             Conj/Fire      0%         2d3       99%         4
 Blade Hands              Tmut           0%         N/A       100%        5
 Iron Shot                Conj/Erth      0%         9d1       100%        6
 Ignition                 Fire           0%         3d3       100%        8


Dungeon Overview and Level Annotations

Branches:
Dungeon (9/15)             Temple (0/1) D:5
   Lair: D:8-11         Orc: D:9-12

Altars:
Cheibriados
Gozag
Nemelex Xobeh
Ru
Uskayaw
Wu Jian
Yredelemnul
The Shining One

Annotations:
D:3 1 runed translucent door, Crazy Yiuf


Innate Abilities, Weirdness & Mutations

You are too large for most types of armour.
You have claws for hands.
Your natural rate of healing is unusually fast.
You are covered in fur. (AC +1)
You have tough skin. (AC +1)


Message History

You hit the wight but do no damage. The wight hits you but does no damage.
The wight hits you from afar with a +5 halberd of freezing!
You feel drained. The wight freezes you.
You closely miss the wight. The wight barely misses you.
The wight hits you from afar with a +5 halberd of freezing!
The wight freezes you.
You closely miss the wight. The wight completely misses you.
The wight closely misses you.
As you read the scroll of teleportation, it crumbles to dust.
You feel strangely unstable. The wight hits you but does no damage.
The wight attacks as you move away! The wight hits you with a +0 flail!
You feel drained.
Your surroundings suddenly seem different.
An orc wizard, 3 yaks, a two-headed ogre and an orc come into view.
Found an emerald potion and a rapier.
The yak bellows!
The two-headed ogre shouts in stereo!
The yak bellows!
The yak misses you.
You hear a shout! x2
As you read the scroll of teleportation, it crumbles to dust.
You feel strangely unstable.
The orc shouts!
An orc priest comes into view. It is wielding a +0 dagger.
The yak gores you! The yak attacks as you move away! The yak barely misses you.
An orc warrior comes into view. It is wielding a +0 broad axe.
The orc warrior shouts!
You hear a shout!
An orc warrior comes into view. It is wielding a +0 scimitar.
The orc wizard shouts!
An orc comes into view. It is wielding a +0 whip.
The orc wizard points at you and mumbles some strange words.
You easily resist.
You spin and attack the yak.
You hit the yak. You burn the yak.
The yak is lightly wounded.
Your surroundings seem slightly different.
As you read the scroll of teleportation, it crumbles to dust.
You feel strangely unstable.
The two-headed ogre hits you with a +0 giant club!
* * * LOW HITPOINT WARNING * * *
The two-headed ogre hits you with a +0 giant club!!
You die...

...................#....
.....o.............#.)..
.........o.........##..#
.......o........... ##..
........Y..........####.
.........Y.........#....
.......Y.!.........#....
..)............... #....
.......@O......... #....
.................. #....
.................. #####
................
............... #
............... #
............... #
............... # #


You could see a two-headed ogre, 3 yaks, an orc warrior, an orc priest and an
orc.

Vanquished Creatures
  Pikel (D:6)
  Grinder (D:5)
  A wraith (D:9)
  A water moccasin (D:7)
  3 orc warriors
  3 black bears
  2 ogres
  3 lemures (D:6)
  A kobold brigand (D:8)
  3 bullfrogs
  4 scorpions
  A gnoll sergeant (D:9)
  2 water moccasin zombies (D:5)
  A wight (D:9)
  4 killer bees (D:8)
  A howler monkey (D:6)
  A bullfrog zombie (D:5)
  4 orc priests
  3 hounds
  3 iguanas
  A sleepcap (D:5)
  9 orc wizards
  Natasha (thrice) (D:4)
  A killer bee zombie (D:5)
  A hound zombie (D:5)
  3 adders
  5 gnolls (D:9)
  3 shadow imps
  A white imp (D:7)
  An ufetubus (D:4)
  2 worms (D:2)
  31 orcs
  4 endoplasms
  2 giant cockroaches
  9 goblins
  3 hobgoblins
  4 jackals (D:4)
  3 quokkas
  7 ball pythons
  6 bats
  3 frilled lizards
  14 kobolds
  5 rats
164 creatures vanquished.

Notes
Turn   | Place    | Note
-------+----------+-------------------------------------------
     0 | D:1      | Lobster4 the Troll Gladiator began the quest for the Orb.
     0 | D:1      | Reached XP level 1. HP: 19/19 MP: 0/0
   185 | D:1      | Reached XP level 2. HP: 26/28 MP: 1/1
  1215 | D:2      | Reached XP level 3. HP: 25/35 MP: 2/2
  1470 | D:2      | Reached skill level 1 in Armour
  2125 | D:3      | Reached XP level 4. HP: 42/42 MP: 3/3
  2380 | D:3      | Found a runed translucent door.
  2381 | D:3      | Noticed Crazy Yiuf
  2797 | D:4      | Found a hide-covered altar of Uskayaw.
  2819 | D:4      | Found an ornate altar of the Wu Jian Council.
  2835 | D:4      | Became a worshipper of the Wu Jian Council
  2961 | D:4      | Noticed Natasha
  2966 | D:4      | Killed Natasha
  2967 | D:4      | Reached XP level 5. HP: 49/49 MP: 4/4
  3399 | D:4      | Noticed Natasha
  3409 | D:4      | Killed Natasha
  3410 | D:4      | Reached skill level 1 in Maces & Flails
  3492 | D:4      | Noticed Natasha
  3494 | D:4      | Noticed a black bear
  3499 | D:4      | Killed Natasha
  3500 | D:4      | Reached XP level 6. HP: 59/59 MP: 5/5
  3505 | D:4      | Reached skill level 4 in Unarmed Combat
  3505 | D:4      | Reached skill level 1 in Evocations
  3527 | D:4      | Found a snail-covered altar of Cheibriados.
  3674 | D:5      | Entered Level 5 of the Dungeon
  3741 | D:5      | Reached * piety under Wu Jian
  3837 | D:5      | Reached XP level 7. HP: 63/66 MP: 6/6
  3842 | D:5      | Found a basalt altar of Yredelemnul.
  3884 | D:5      | Found a glowing golden altar of the Shining One.
  3886 | D:5      | Noticed Grinder
  3898 | D:5      | Killed Grinder
  4163 | D:5      | Found an opulent altar of Gozag.
  4207 | D:5      | Found a staircase to the Ecumenical Temple.
  4291 | D:5      | Reached XP level 8. HP: 75/75 MP: 7/7
  5382 | D:6      | Noticed Pikel
  5401 | D:6      | Killed Pikel
  5402 | D:6      | Reached skill level 5 in Unarmed Combat
  5883 | D:6      | Reached XP level 9. HP: 64/84 MP: 8/8
  6123 | D:7      | Found a sparkling altar of Nemelex Xobeh.
  6613 | D:7      | Reached ** piety under Wu Jian
  6835 | D:7      | Found a sacrificial altar of Ru.
  6857 | D:7      | Found a basalt altar of Yredelemnul.
  7283 | D:8      | Found a sparkling altar of Nemelex Xobeh.
  7457 | D:8      | Reached skill level 5 in Throwing
  7511 | D:8      | Reached skill level 5 in Dodging
  7738 | D:8      | Reached skill level 6 in Unarmed Combat
  8066 | D:9      | Reached *** piety under Wu Jian
  8097 | D:9      | Noticed a two-headed ogre
  8102 | D:9      | Slain by a two-headed ogre

Illustrated notes

Levels and vault maps discovered:
D:1:      dpeg_arrival_round_b, layout_basic, serial_curves, eino_curves_03,
          eino_curves_01, eino_curves_02, eino_curves_03
D:2:      layout_basic, minmay_statues_item, grunt_ministairs_10
D:3:      layout_loops_ring, uniq_crazy_yiuf_cottage
D:4:      layout_basic, lemuel_coloured_pillars_altar, nicolae_overflow_squiral,
          minmay_misc_feat_x, uniq_natasha
D:5:      layout_layer_cave, nicolae_yredelemnul_corpse_copse,
          old_standard_altar, mainiacjoe_overflow_paths,
          minmay_temple_entry_drinking_statues, minivault_5,
          grunt_decor_junction, uniq_grinder
D:6:      layout_basic, uniq_pikel
D:7:      layout_gridville, hangedman_ru_absence, hangedman_feature_mirror
D:8:      layout_basic, mainiacjoe_overflow_brackets
D:9:      layout_basic

Skill      XL: |  1  2  3  4  5  6  7  8  9 |
---------------+----------------------------+-----
Throwing       | 2 3 4 5 |  5.3
Fighting       | 2 3 4 |  4.7
Armour         | 1 2 3 4 |  4.3
Dodging        | 3 4 5 |  5.2
Maces & Flails | 1 2 3 4 |  4.5
Unarmed Combat | 4 5 6 |  6.2
Evocations     | 1 2 3 |  3.0

Action                     |  1- 3 |  4- 6 |  7- 9 || total
---------------------------+-------+-------+-------++-------
  Melee: Unarmed           |   120 |   140 |   107 ||   367
         Punch             |     1 |     2 |    20 ||    23
         Whip              |       |       |   343 ||   343
  Throw: Stone             |     3 |    20 |    10 ||    33
         Throwing net      |       |     1 |     1 ||     2
         Dart              |       |       |    53 ||    53
Ability: Lunge             |       |     8 |    15 ||    23
         Whirlwind         |       |       |     6 ||     6
         Wall Jump         |       |       |     2 ||     2
  Evoke: Wand              |       |     2 |     3 ||     5
    Use: Scroll            |       |     7 |     7 ||    14
   Stab: Sleeping          |     2 |       |       ||     2
         Confused          |       |     1 |       ||     1
         Paralysed         |       |       |    10 ||    10
         Held in net/web   |       |       |     1 ||     1
 Armour: Robe              |    28 |    35 |   146 ||   209
  Dodge: Dodged            |    63 |    50 |   167 ||   280
         Repelled          |       |     1 |     4 ||     5

Table legend: (Time is in decaauts)
 A = Elapsed time spent in this place.
 B = Non-inter-level travel time spent in this place.
 C = Inter-level travel time spent in this place.
 D = Time resting spent in this place.
 E = Time spent auto-exploring this place.
 F = Levels seen in this place.
 G = Mean time per level.
                   A        B        C        D        E       F      G
               +--------+--------+--------+--------+--------+-----+--------+
         Total |   8069 |   7567 |    502 |     80 |   5994 |   9 |  896.6 |
       Dungeon |   8069 |   7567 |    502 |     80 |   5994 |   9 |  896.6 |
               +--------+--------+--------+--------+--------+-----+--------+

Top non-repeatable levels by time:
     D:5: 1544 daAuts
     D:2: 1132 daAuts
     D:7: 938 daAuts
     D:4: 910 daAuts
     D:6: 851 daAuts
     D:3: 849 daAuts
     D:1: 774 daAuts
     D:8: 747 daAuts
     D:9: 321 daAuts
